Map: Jagannatha LE

Players

Dream

  • Race: Terran Terran
  • Spawn Location: 1:00

ByuN - Winner!

  • Race: Terran Terran
  • Spawn Location: 7:00

Event: IEM Katowice 2021

VOD

Have the link to the VOD?

Description

Time

  • Played on: Feb. 20, 2021, 8:35 a.m.
  • Length: 13:29

All games in this series

Show
View Real Time Build Order
Export as new Build Order

Dream Terran 

Build Orders: Gas First Reaper Expand 

Get SALT Encoding   

  12  0:00  SCV  
  13  0:12  SCV  
  14  0:17  Supply Depot  
  14  0:24  SCV  
  14  0:27  Refinery  
  15  0:38  SCV  
  16  0:44  Barracks  
  16  0:50  SCV  
  17  1:02  SCV  
  18  1:15  SCV  
  19  1:30  Orbital Command  
  19  1:31  Reaper  
  20  1:42  Command Center  
  20  1:53  Factory  
  20  1:57  SCV  
  21  2:05  Supply Depot  
  21  2:06  Reaper  
  22  2:12  SCV  
  23  2:17  Refinery  
  23  2:27  SCV  
  24  2:38  Hellion, Marine  
  24  2:39  SCV  
  24  2:43  Starport  
  28  2:51  SCV  
  28  2:54  Orbital Command  
  28  2:56  Marine  
  28  2:58  Refinery  
  30  3:03  Hellion  
  32  3:07  SCV  
  33  3:14  Barracks Reactor  
  33  3:19  Starport Tech Lab, SCV  
  34  3:20  SCV  
  34  3:25  Widow Mine  
  37  3:31  SCV  
  37  3:32  SCV  
  39  3:34  Supply Depot  
  39  3:37  Raven  
  41  3:43  SCV  
  41  3:44  SCV  
  41  3:46  Factory Tech Lab  
  43  3:54  Marine x2  
  45  3:55  SCV  
  45  3:56  SCV  
  45  3:57  Supply Depot  
  47  4:06  Cyclone  
  47  4:07  SCV  
  47  4:08  SCV  
  52  4:12  Marine x2  
  53  4:20  SCV x2  
  53  4:21  Raven  
  53  4:22  Supply Depot  
  57  4:29  Marine  
  57  4:30  Marine  
  59  4:32  Supply Depot  
  59  4:35  SCV  
  59  4:37  SCV  
  61  4:44  Siege Tank  
  64  4:47  SCV  
  64  4:48  Marine x2  
  64  4:50  SCV, Supply Depot  
  68  4:59  SCV  
  68  5:02  SCV  
  69  5:07  Command Center  
  69  5:11  SCV  
  69  5:12  Refinery  
  69  5:14  SCV, Viking  
  70  5:23  SCV, Marine  
  70  5:25  Stimpack, Viking  
  70  5:26  SCV  
  75  5:29  Siege Tank  
  78  5:35  SCV  
  78  5:38  SCV  
  78  5:39  Supply Depot  
  78  5:41  Marine  
  81  5:45  Viking  
  81  5:47  SCV  
  84  5:50  SCV  
  84  5:53  Barracks  
  85  6:00  SCV, Viking  
  85  6:02  SCV, Barracks  
  89  6:05  Siege Tank  
  89  6:09  Supply Depot  
  92  6:12  SCV  
  92  6:14  SCV  
  94  6:19  Engineering Bay x2  
  94  6:20  Supply Depot, Orbital Command  
  94  6:21  Marine  
  95  6:27  SCV x2  
  97  6:36  Viking x2  
  97  6:39  Marine  
  102  6:41  Barracks Reactor  
  102  6:44  SCV x2  
  102  6:46  Terran Infantry Weapons Level 1, Terran Infantry Armor Level 1  
  104  6:49  Barracks Reactor  
  104  6:50  Orbital Command  
  104  6:51  Siege Tank  
  107  6:58  SCV x2  
  107  7:00  Marine  
  110  7:07  Supply Depot  
  110  7:09  Supply Depot  
  110  7:10  SCV x2  
  110  7:15  Refinery  
  112  7:17  Medivac, Refinery  
  112  7:20  SCV  
  112  7:22  SCV x2  
  116  7:24  Medivac  
  116  7:28  Marine x2  
  118  7:30  Marine x2  
  118  7:32  Marine  
  118  7:34  SCV  
  118  7:35  SCV  
  123  7:43  Siege Tank  
  123  7:44  SCV  
  123  7:46  Armory  
  121  7:53  Marine x2  
  121  7:55  Marine  
  121  7:56  SCV x2  
  121  7:57  Marine  
  121  7:58  Marine  
  119  8:02  Medivac  
  118  8:11  Marine  
  119  8:13  Missile Turret  
  119  8:14  Missile Turret  
  119  8:16  Marine x3  
  120  8:23  Barracks Tech Lab  
  120  8:25  SCV x2  
  121  8:28  Marine  
  121  8:31  Medivac  
  124  8:35  Marine x2  
  124  8:38  Marine, Refinery  
  124  8:39  Command Center  
  127  8:43  SCV x2  
  127  8:46  Marine  
  129  8:49  Combat Shield  
  129  8:50  Supply Depot  
  129  8:52  Barracks  
  129  8:54  SCV, Barracks  
  129  8:55  SCV  
  131  8:57  Marine x4  
  131  9:00  SCV  
  136  9:04  Marine  
  136  9:06  SCV  
  138  9:11  SCV, Sensor Tower  
  138  9:13  Terran Infantry Weapons Level 2  
  139  9:17  SCV  
  139  9:19  SCV  
  139  9:23  Siege Tank  
  144  9:24  Marine x4, Supply Depot  
  144  9:25  Marine  
  144  9:30  Supply Depot  
  149  9:31  SCV x2  
  149  9:37  Terran Infantry Armor Level 2  
  151  9:39  SCV, Supply Depot  
  151  9:40  Supply Depot x2  
  151  9:43  SCV x2  
  154  9:50  Marine, Barracks Reactor x2  
  154  9:51  SCV, Marine x2  
  154  9:52  Marine x2  
  159  9:56  SCV  
  160  10:08  Marine  
  160  10:09  Marine x2, Siege Tank  
  160  10:10  Marine  
  160  10:14  Sensor Tower  
  165  10:18  Barracks Reactor  
  164  10:25  Command Center, Marine  
  164  10:27  Marine x2  
  164  10:28  Marine  
  168  10:33  Marine x3  
  171  10:36  Marine  
  171  10:42  Sensor Tower  
  170  10:43  Marine  
  170  10:44  Marine x2  
  170  10:46  Liberator x2  
  170  10:47  Refinery  
  179  10:54  Marine x4  
  179  10:55  Command Center  
  179  10:56  Factory  
  182  11:01  Marine x4  
  182  11:02  Marine x2  
  186  11:07  Missile Turret  
  186  11:08  Siege Tank  
  189  11:12  Marine x4  
  189  11:14  Supply Depot  
  192  11:18  Marine  
  192  11:19  Marine x3  
  192  11:20  Marine  
  197  11:26  Marine  
  197  11:29  Marine  
  197  11:32  Marine  
  188  11:40  Marine  
  188  11:42  Marine  
  188  11:43  Marine x3  
  188  11:44  Marine x3  
  169  11:47  Marine  
  169  11:50  Marine  
  105  11:57  Siege Tank  
  105  11:58  Marine  
  105  12:00  Marine  
  105  12:01  Marine x5  
  103  12:19  Marine x3  
Show
View Real Time Build Order
Export as new Build Order

ByuN Terran - Winner!

Build Orders:  

Get SALT Encoding   

  12  0:00  SCV  
  13  0:12  SCV  
  14  0:17  Supply Depot  
  14  0:24  SCV  
  15  0:38  SCV  
  15  0:40  Barracks  
  16  0:43  Refinery  
  16  0:50  SCV  
  16  0:54  Refinery  
  17  1:02  SCV  
  18  1:15  SCV  
  19  1:27  Reaper, Orbital Command  
  19  1:29  Supply Depot  
  20  1:43  Factory  
  20  1:53  SCV  
  21  1:59  Reaper  
  22  2:05  SCV  
  23  2:17  SCV  
  23  2:22  Command Center  
  24  2:29  Hellion  
  26  2:31  Barracks Reactor  
  26  2:32  SCV  
  27  2:41  Starport  
  27  2:45  SCV  
  27  2:49  Supply Depot  
  28  2:52  Factory Tech Lab  
  28  2:57  SCV  
  29  3:08  Marine x2  
  29  3:12  Cyclone  
  34  3:13  SCV  
  35  3:22  Medivac  
  35  3:26  SCV  
  39  3:33  Marine x2, Orbital Command  
  40  3:38  SCV  
  41  3:44  Refinery  
  41  3:50  SCV, Factory Tech Lab  
  41  3:52  Marine x2  
  44  3:59  SCV  
  44  4:01  Supply Depot  
  44  4:02  Raven, SCV  
  48  4:11  Supply Depot  
  48  4:12  SCV  
  48  4:14  SCV  
  48  4:20  Marine x2  
  48  4:23  Siege Tank  
  48  4:24  SCV  
  54  4:26  SCV  
  55  4:32  Barracks  
  55  4:36  SCV  
  56  4:38  Supply Depot  
  56  4:39  Marine x2  
  56  4:45  Raven  
  58  4:46  SCV  
  58  4:48  SCV  
  62  4:57  Marine x2  
  64  5:01  Siege Tank  
  64  5:02  SCV x2  
  64  5:04  Supply Depot  
  69  5:14  SCV x2  
  70  5:19  Marine x2  
  69  5:26  SCV x2  
  71  5:32  Stimpack, Marine  
  71  5:34  Starport Reactor  
  72  5:37  Command Center, Marine x2  
  72  5:38  Siege Tank  
  72  5:40  SCV x2  
  79  5:43  Supply Depot  
  79  5:48  Refinery  
  79  5:51  Marine  
  79  5:52  SCV x2  
  79  5:55  Marine x2  
  85  6:04  SCV x2  
  85  6:07  Engineering Bay  
  85  6:08  Marine  
  85  6:09  Engineering Bay  
  87  6:12  Marine  
  87  6:13  Marine  
  87  6:15  Medivac x2  
  93  6:25  Supply Depot  
  93  6:26  Marine  
  93  6:27  Supply Depot  
  93  6:30  Marine  
  94  6:37  Bunker  
  94  6:38  Terran Infantry Weapons Level 1, Terran Infantry Armor Level 1  
  94  6:42  SCV x2, Marine  
  94  6:46  Marine, Siege Tank  
  98  6:50  Orbital Command  
  98  6:55  SCV, Barracks  
  98  6:56  SCV  
  98  6:57  Starport Reactor  
  98  6:59  Barracks x2  
  98  7:01  Marine x2  
  100  7:04  Marine  
  100  7:08  SCV x2  
  105  7:17  SCV  
  105  7:18  Supply Depot  
  105  7:19  Siege Tank  
  105  7:20  SCV x2  
  105  7:21  Marine x2  
  105  7:22  Marine  
  114  7:29  SCV  
  115  7:32  SCV x2  
  117  7:39  Marine x2  
  117  7:40  Medivac, Marine  
  117  7:41  SCV  
  117  7:42  Medivac  
  126  7:44  SCV x2  
  126  7:51  Siege Tank  
  130  7:53  SCV  
  130  7:54  Marine x2  
  130  7:56  SCV x2, Barracks Reactor  
  130  7:57  Marine x3, Barracks Reactor  
  122  8:03  Armory  
  122  8:05  SCV  
  120  8:08  SCV x2  
  120  8:11  Refinery x2  
  120  8:12  Marine x2  
  124  8:14  Sensor Tower  
  124  8:17  SCV, Marine x3  
  125  8:20  SCV x2  
  125  8:24  Medivac, Siege Tank  
  126  8:27  Medivac  
  126  8:29  SCV  
  126  8:30  Marine x2  
  125  8:35  Marine x3  
  125  8:38  Combat Shield  
  125  8:41  Marine x4  
  130  8:46  Factory  
  130  8:48  Marine x2  
  129  8:53  Marine  
  130  8:55  Marine x2  
  130  8:58  Marine  
  130  9:00  Command Center  
  133  9:04  Marine x3  
  133  9:05  Marine  
  133  9:06  Marine  
  133  9:09  Terran Infantry Armor Level 2, Terran Infantry Weapons Level 2  
  138  9:10  Terran Vehicle Weapons Level 1  
  138  9:13  Marine x3  
  141  9:25  Supply Depot  
  141  9:26  Supply Depot  
  141  9:28  Supply Depot  
  141  9:38  Marine x5, Siege Tank  
  141  9:39  Supply Depot  
  141  9:45  Marine  
  149  9:46  Medivac, Marine x3  
  149  9:51  SCV x3  
  155  9:56  Marine x4  
  158  10:03  Medivac, Marine x2  
  158  10:04  Marine x2  
  164  10:08  Barracks Reactor  
  164  10:10  Siege Tank  
  164  10:14  Marine, Siege Tank  
  167  10:16  Medivac, Marine x3  
  167  10:21  Marine x3  
  174  10:22  Marine  
  174  10:31  Marine  
  174  10:34  Marine x3  
  178  10:37  Medivac  
  178  10:39  Marine x3  
  178  10:40  Marine  
  186  10:42  Siege Tank  
  186  10:44  Marine x2  
  186  10:46  Medivac, Siege Tank  
  186  10:49  Marine, Planetary Fortress  
  190  10:52  Marine x3  
  190  10:56  Marine  
  194  10:57  Marine x2  
  194  10:58  Supply Depot  
  196  11:10  Terran Vehicle Weapons Level 2  
  196  11:14  Command Center  
  196  11:20  Medivac x2  
  196  11:22  Command Center  
  200  11:35  Marine x3  
  200  11:38  Siege Tank  
  200  11:39  Marine x3  
  196  11:40  Marine x3, Siege Tank  
  196  11:41  Marine  
  180  11:53  Marine x3  
  156  11:57  Marine x5  
  156  11:58  Marine  
  156  11:59  Marine  
  157  12:10  Siege Tank  
  157  12:11  Marine x3  
  157  12:15  Marine x4, Orbital Command  
  151  12:16  Marine x2, Viking  
  151  12:21  Marine  
  135  12:35  Orbital Command  
  135  12:37  Orbital Command  
  123  12:58  Barracks  

Tags
 
Add a new tag
Caveats
  • Supply blocks, unpowered buildings, or Contaminate may cause inaccurate times.
  • Supply counts are checked every 10 seconds.